 Dungeon Crawl Stone Soup version 0.19.0-24-gb05acd6 (webtiles) character file.

93 Firecrotchwizard the Shield-Bearer (level 4, -2/31 HPs)
             Began as a Halfling Fighter on Nov 22, 2016.
             Slain by Crazy Yiuf
             ... wielding a +4 quarterstaff of chaos
              (5 damage)
             ... on level 3 of the Dungeon.
             The game lasted 00:07:25 (2710 turns).

Firecrotchwizard the Shield-Bearer (HaFi)           Turns: 2710, Time: 00:07:25

Health: -2/31      AC:  7    Str: 17    XL:     4   Next: 91%
Magic:  3/4        EV:  8    Int:  6    God:
Gold:   173        SH:  9    Dex: 14    Spells: 0 memorised, 3 levels left

rFire  + . .     SeeInvis .     a - +0 rapier
rCold  + . .     Gourm    .     b - +0 scale mail
rNeg   . . .     Faith    .     c - +0 shield
rPois  .         Spirit   .     (no helmet)
rElec  .         Reflect  .     (no cloak)
rCorr  .         Harm     .     n - +0 pair of gloves
MR     .....                    (no boots)
Stlth  ..........               (no amulet)
                                u - ring of protection from fire
                                q - ring of protection from cold

@: lethally poisoned (-2 -> -6), heavily drained
A: mutation resistance 1
a: no special abilities


You were on level 3 of the Dungeon.
You were not hungry.

You visited 1 branch of the dungeon, and saw 3 of its levels.

You collected 173 gold pieces.

Inventory:

Hand Weapons
 a - a +0 rapier (weapon)
 g - a +0 hunting sling
Missiles
 h - 58 stones (quivered)
 i - 16 sling bullets
Armour
 b - a +0 scale mail (worn)
 c - a +0 shield (worn)
 n - a +0 pair of gloves (worn)
Jewellery
 q - a ring of protection from cold (left hand)
 u - a ring of protection from fire (right hand)
Scrolls
 j - a scroll of fog {unknown}
 p - a scroll of magic mapping {unknown}
 s - a scroll of immolation {unknown}
 t - a scroll of remove curse {unknown}
 v - a scroll of enchant weapon {unknown}
 w - a scroll of teleportation {unknown}
Potions
 d - 2 potions of might
 e - a potion of resistance {unknown}
 k - 2 potions of degeneration {unknown}
 o - a potion of brilliance {unknown}
 r - 2 potions of curing {unknown}
Comestibles
 f - 3 bread rations
 l - a meat ration
 m - a beef jerky


   Skills:
 * Level 3.4(1.9) Fighting
 + Level 3.2(1.6) Short Blades
 * Level 2.7(1.1) Slings
 + Level 3.6(2.0) Armour
 + Level 3.7(2.1) Shields


You had 3 spell levels left.
You didn't know any spells.

Dungeon Overview and Level Annotations

Branches:
Dungeon (3/15)

Altars:
Cheibriados
Dithmenos
Qazlal

Annotations:
D:3 Crazy Yiuf


Innate Abilities, Weirdness & Mutations

You are small and have problems with some larger weapons.
You are somewhat resistant to further mutation.


Message History

* * * LOW HITPOINT WARNING * * *
You closely miss Crazy Yiuf.
Crazy Yiuf is lightly wounded.
Crazy Yiuf hits you with a quarterstaff of chaos.
* * * LOW HITPOINT WARNING * * *
You feel your power leaking away.
You hit Crazy Yiuf.
Crazy Yiuf is lightly wounded.
You block Crazy Yiuf's attack.
You hit Crazy Yiuf.
Crazy Yiuf is heavily wounded.
Crazy Yiuf says, "Shower!
Mama testudinal pontify."
Crazy Yiuf hits you but does no damage.
You are lethally poisoned!
You hit Crazy Yiuf.
Crazy Yiuf is severely wounded.
* * * LOW HITPOINT WARNING * * *
You feel sick.
Crazy Yiuf hits you with a quarterstaff of chaos.
You die...

#.........##†.....#........#
#
#..........................#
#
#........###########.......#
# #..).....# #......## #
#........# ##### #......# #
#...†....# #)..# #......# #
#........# #...# #......# #
########## #.g.# #......# #
#@# #.###### # ♣.♣♣ #.# #
♣♣.♣ #.# # ♣.♣♣ #.# # ♣♣.♣
#.# ♣♣.♣♣ #.# ♣♣...♣ #.#
♣....♣ #.# #....# #.#


You could see Crazy Yiuf.

Vanquished Creatures
  3 adders
  3 worms
  A dart slug (D:1)
  A leopard gecko (D:1)
  An orc (D:3)
  5 giant cockroaches
  7 hobgoblins
  9 jackals
  A quokka (D:3)
  5 bats
  2 frilled lizards
  3 goblins (D:1)
  3 kobolds (D:3)
  9 rats
53 creatures vanquished.

Notes
Turn   | Place    | Note
-------+----------+-------------------------------------------
     0 | D:1      | Firecrotchwizard the Halfling Fighter began the quest for the Orb.
     0 | D:1      | Reached XP level 1. HP: 15/15 MP: 1/1
   197 | D:1      | Reached XP level 2. HP: 20/20 MP: 2/2
   293 | D:1      | Reached skill level 1 in Slings
   583 | D:1      | Reached XP level 3. HP: 18/26 MP: 3/3
  1041 | D:2      | Found a stormy altar of Qazlal.
  1467 | D:2      | Reached XP level 4. HP: 31/31 MP: 4/4
  1801 | D:3      | Found a snail-covered altar of Cheibriados.
  2521 | D:3      | Found a shadowy altar of Dithmenos.
  2697 | D:3      | Found a runed door.
  2701 | D:3      | Noticed Crazy Yiuf
  2710 | D:3      | Slain by Crazy Yiuf

Skill      XL: |  1  2  3  4 |
---------------+-------------+-----
Slings         | 1 2 |  2.7
Fighting       | 3 |  3.4
Short Blades   | 3 |  3.2
Armour         | |  3.6
Shields        | |  3.7

Action                   |  1- 3 |  4- 6 || total
-------------------------+-------+-------++-------
Melee: Rapier            |   100 |    77 ||   177
 Fire: Hunting sling     |    33 |    15 ||    48
  Eat: Chunk             |     2 |     4 ||     6
Armor: Scale mail        |    63 |    18 ||    81
Dodge: Dodged            |    35 |    12 ||    47
Block: Shield            |    77 |    35 ||   112
